 Dungeon Crawl Stone Soup version 0.17-a0-1914-gde4187c (webtiles) character file.

66 mcbry74 the Sneak (level 4, 0/27 HPs)
             Began as a Kobold Assassin on Sept 26, 2015.
             Slain by Crazy Yiuf
             ... wielding a +3 quarterstaff of chaos
              (3 damage)
             ... on level 2 of the Dungeon.
             The game lasted 00:11:17 (1408 turns).

mcbry74 the Sneak (Kobold Assassin)                 Turns: 1408, Time: 00:11:17

Health: 0/27       AC:  4    Str:  9    XL:     4   Next: 37%
Magic:  0/4        EV: 14    Int:  9    God:    Xom [*.....]
Gold:   100        SH:  0    Dex: 18    Spells: 0 memorised, 3 levels left

rFire  . . .     SeeInvis .     p - +0 short sword (freeze)
rCold  + . .     Clarity  .     c - +0 robe
rNeg   . . .     SustAt   .     (shield restricted)
rPois  .         Gourm    .     n - +0 helmet
rElec  .         Spirit   .     d - +0 cloak
rCorr  .         Warding  .     (no gloves)
rMut   .         Stasis   .     (no boots)
MR     .....                    (no amulet)
Stlth  ++++......               (no ring)
                                h - ring of protection from cold

@: very slightly contaminated, invisible, not resistant to hostile enchantments,
stealthy
A: carnivore 3
a: Renounce Religion


You were on level 2 of the Dungeon.
You worshipped Xom.
You were a special plaything of Xom.
You were not hungry.

You visited 1 branch of the dungeon, and saw 2 of its levels.

You collected 100 gold pieces.

Inventory:

Hand weapons
 a - a +2 dagger
 b - a +0 blowgun
 p - a +0 short sword of freezing (weapon)
Missiles
 e - 7 poisoned needles
 f - 2 curare-tipped needles
Armour
 c - a +0 robe (worn)
 d - a +0 cloak (worn)
 n - a +0 helmet (worn)
Jewellery
 h - a ring of protection from cold (left hand)
 q - a cursed ring of teleportation {unknown}
Scrolls
 j - 3 scrolls of identify
 o - a scroll of remove curse {unknown}
Potions
 i - a potion of degeneration {unknown}
 l - a potion of haste {unknown}
 m - a potion of might {unknown}
 r - 2 potions of curing
Comestibles
 g - 3 meat rations


   Skills:
 + Level 2.5 Fighting
 + Level 3.4 Short Blades
 + Level 3.1 Throwing
 + Level 1.6 Dodging
 + Level 6.7 Stealth


You had 3 spell levels left.
You didn't know any spells.

Dungeon Overview and Level Annotations

Branches:
Dungeon (2/15)

Altars:
Xom
Yredelemnul

Annotations:
D:2 Crazy Yiuf


Innate Abilities, Weirdness & Mutations

You are small and have problems with some larger weapons.
You are carnivorous and can eat meat at any time.


Message History

You closely miss Crazy Yiuf.
Crazy Yiuf is moderately wounded.
Crazy Yiuf hits you with a quarterstaff of chaos!
You feel your power leaking away.
You hit Crazy Yiuf but do no damage.
Crazy Yiuf is moderately wounded.
Crazy Yiuf hits you but does no damage.
You fade into invisibility!
You are very lightly contaminated with residual magic.
Xom thinks this is hilarious!
You closely miss Crazy Yiuf.
Crazy Yiuf is moderately wounded.
Crazy Yiuf closely misses you.
Crazy Yiuf shuffles his notes under his cloak.
You hit Crazy Yiuf. You freeze Crazy Yiuf.
Crazy Yiuf is moderately wounded.
Crazy Yiuf hits you with a quarterstaff of chaos!
* * * LOW HITPOINT WARNING * * *
Crazy Yiuf burns you.
You die...

......#.# #.# #####...#
#...#.# ........### #####
#...#.# ######.>..# #)(.#
#...#.# .......#### #...#
#...#.# ######.# ... #.(.#.#
#.# #.# #...#.# ### #.# #g##
###...#.# ..# ##.#### ##@#
#.......# ..# #.....# #.##
#(....### ._# #.....# ##.#
###...# ..# #.....# ##.##
#####.####### ..# #.....#
##...# #............ ###
#.....# #....# #####.######.
#.....# ##..## #####.#......
#.....####....###....รท.......
#...(........#.....>.........


You could see Crazy Yiuf.

Vanquished Creatures
  Robin (D:2)
  An ooze (D:2)
  A giant gecko (D:2)
  7 bats
  2 giant cockroaches
  15 goblins
  7 hobgoblins
  A quokka (D:2)
  3 giant newts (D:1)
  5 kobolds
  4 rats
47 creatures vanquished.

Notes
Turn   | Place    | Note
--------------------------------------------------------------
     0 | D:1      | mcbry74 the Kobold Assassin began the quest for the Orb.
     0 | D:1      | Reached XP level 1. HP: 12/12 MP: 1/1
   126 | D:1      | Found a shimmering altar of Xom.
   139 | D:1      | Reached XP level 2. HP: 9/18 MP: 2/2
   382 | D:1      | Became a worshipper of Xom of Chaos
   595 | D:1      | XOM: divination: detect creatures
   666 | D:1      | Reached XP level 3. HP: 20/22 MP: 3/3
   757 | D:2      | Found a basalt altar of Yredelemnul.
   763 | D:2      | Reached skill level 6 in Stealth
   844 | D:2      | XOM: 2-stop teleportation journey
  1044 | D:2      | XOM: blink monster(s)
  1052 | D:2      | Reached XP level 4. HP: 18/27 MP: 4/4
  1058 | D:2      | Noticed Robin
  1081 | D:2      | Killed Robin
  1249 | D:2      | XOM: torment (15/27 hp)
  1396 | D:2      | Noticed Crazy Yiuf
  1408 | D:2      | Slain by Crazy Yiuf

Vault maps used:
D:1:      noname_arrival_rooms_in_the_neighbourhood, xom_teletrap_fun
D:2:      lemuel_coloured_pillars_altar, uniq_robin, uniq_crazy_yiuf_cottage

Action                   |  1- 3 |  4- 6 || total
-------------------------+-------+-------++-------
Melee: Dagger            |    42 |       ||    42
       Short sword       |    43 |    11 ||    54
 Fire: Blowgun           |    12 |     5 ||    17
  Use: Scroll            |     7 |       ||     7
 Stab: Sleeping          |    16 |     2 ||    18
       Distracted        |     1 |       ||     1
  Eat: Chunk             |     5 |       ||     5
